 Dungeon Crawl Stone Soup version 0.21-a0-633-g4c047d5 (webtiles) character file.

602 shenanigans the Chopper (level 7, -5/55 HPs)
             Began as a Barachi Warper on Dec 28, 2017.
             Killed from afar by an orc wizard (6 damage)
             ... with a magic dart
             ... on level 5 of the Dungeon.
             The game lasted 00:19:34 (9222 turns).

shenanigans the Chopper (Barachi Warper)            Turns: 9222, Time: 00:19:34

Health: -5/55      AC: 10    Str: 12    XL:     7   Next: 41%
Magic:  10/10      EV:  0    Int: 15    God:
Gold:   260        SH:  7    Dex: 12    Spells: 11/11 levels left

rFire    . . .     SeeInvis .   a - +0 war axe
rCold    . . .     Gourm    .   g - +1 shield
rNeg     . . .     Faith    .   w - +0 plate armour
rPois    .         Spirit   .   (no helmet)
rElec    .         Reflect  .   (no cloak)
rCorr    .         Harm     .   (no gloves)
MR       .....                  (no boots)
Stlth    ..........             (no amulet)
HPRegen  0.18/turn              (no ring)
MPRegen  0.12/turn              (no ring)

@: very slightly contaminated, very heavily drained, slow
A: +LOS, swims, slowness 1, strong legs 1
a: Hop


You were on level 5 of the Dungeon.
You were hungry.

You visited 1 branch of the dungeon, and saw 5 of its levels.
You also visited: Sewer.

You collected 260 gold pieces.

Inventory:

Hand Weapons
 a - a +0 war axe (weapon)
 n - a +0 flail of protection
Missiles
 s - a tomahawk
 u - a throwing net (quivered)
Armour
 b - a +0 leather armour
 e - a +0 ring mail
 g - a +1 shield (worn)
 h - a +0 chain mail
 w - a +0 plate armour (worn)
Scrolls
 d - a scroll of blinking
 i - 3 scrolls of enchant armour
 j - 2 scrolls of teleportation
 k - 4 scrolls of remove curse
 l - 2 scrolls of enchant weapon {unknown}
 m - a scroll of noise {unknown}
 p - a scroll of identify {unknown}
 q - 2 scrolls of immolation {unknown}
 r - a scroll of fog {unknown}
 t - a scroll of random uselessness {unknown}
 v - a scroll of amnesia {unknown}
Potions
 o - a potion of curing
 x - a potion of brilliance
Books
 c - a book of Spatial Translocations

   Spells                             Type                      Level
   a - Blink                          Translocation                2
   b - Shroud of Golubria             Charms/Translocation         2
   c - Lesser Beckoning               Translocation                3
   d - Gell's Gravitas                Translocation                3
   e - Teleport Other                 Translocation                3
   f - Passage of Golubria            Translocation                4
Comestibles
 f - a ration


   Skills:
 + Level 4.4(0.0) Fighting
 + Level 4.9(0.0) Axes
 - Level 1.1(0.0) Throwing
 + Level 3.7(0.0) Armour
 + Level 4.1(0.0) Dodging
 - Level 1.0(0.0) Stealth
 * Level 3.0(0.0) Shields
 - Level 2.5(0.0) Spellcasting
   Level 3.2(0.0) Translocations


You had 11 spell levels left.
You didn't know any spells.

Dungeon Overview and Level Annotations

Branches:
Dungeon (5/15)
 Temple: D:4-7

Altars:
Gozag
Nemelex Xobeh

Annotations:
D:4 Menkaure


Innate Abilities, Weirdness & Mutations

Shadows flee at your approach. (+LOS)
You can swim through water.
You cover ground slowly.
You can hop short distances.


Message History

You barely miss the orc. You block the orc's attack.
Your shield and plate armour prevent you from hitting the orc.
You block the orc's attack. The orc hits you but does no damage.
You closely miss the orc.
You are ready to hop once more.
The orc hits you but does no damage.
You hit the orc.
The orc is lightly wounded.
The orc hits you but does no damage. x2
You hit the orc.
You kill the orc!
You start resting.
An orc wizard is nearby!
An orc wizard comes into view. It is wielding a dagger.
The orc wizard gestures at you while chanting.
The magic dart hits you!
* * * LOW HITPOINT WARNING * * *
The orc wizard points at you and mumbles some strange words.
The magic dart hits you!
You die...

..o. #...
#.#.#####
#.......###
#.......#
#>.o....#
#.......#
##.##o############
#. #....@........
# ##############


You could see an orc wizard.

Vanquished Creatures
  The ghost of dang3rdave the Magician, an amateur GnWn (D:3)
  2 big kobolds (Sewer)
  Natasha (twice) (D:3 D:2)
  An iguana (D:3)
  A worker ant (D:3)
  8 gnolls
  9 adders
  4 oozes
  An adder skeleton (D:4)
  3 dart slugs
  2 leopard geckos
  12 orcs
  2 giant cockroaches
  5 goblins
  9 hobgoblins
  3 jackals (D:3)
  5 ball pythons
  9 bats
  5 frilled lizards
  18 kobolds
  13 rats
115 creatures vanquished.

Notes
Turn   | Place    | Note
-------+----------+-------------------------------------------
     0 | D:1      | shenanigans the Barachi Warper began the quest for the Orb.
     0 | D:1      | Reached XP level 1. HP: 17/17 MP: 3/3
    91 | D:1      | Reached XP level 2. HP: 20/23 MP: 5/5
   924 | D:1      | Reached XP level 3. HP: 20/29 MP: 6/6
  1949 | D:2      | Found a sparkling altar of Nemelex Xobeh.
  2141 | D:2      | Found an opulent altar of Gozag.
  2220 | D:2      | Reached XP level 4. HP: 3/35 MP: 7/7
  2221 | D:2      | HP: 2/52 [poisoned by an adder]
  2918 | D:3      | Found a glowing drain.
  2951 | Sewer    | Entered a sewer
  3047 | Sewer    | Noticed a big kobold
  3063 | Sewer    | HP: 2/52 [big kobold (3)]
  3070 | Sewer    | Killed a big kobold
  3070 | Sewer    | Reached XP level 5. HP: 27/41 MP: 8/8
  3277 | Sewer    | Noticed a big kobold
  3307 | Sewer    | Killed a big kobold
  3307 | Sewer    | Reached skill level 1 in Stealth
  3595 | Sewer    | Reached XP level 6. HP: 47/48 MP: 9/9
  4406 | D:3      | Reached skill level 1 in Shields
  4451 | D:3      | Noticed dang3rdave's ghost (amateur GnWn)
  4532 | D:3      | Killed dang3rdave's ghost
  5500 | D:3      | Noticed Natasha
  5504 | D:3      | Killed Natasha
  5504 | D:3      | Reached XP level 7. HP: 38/54 MP: 10/10
  5551 | D:3      | Noticed Natasha
  5723 | D:2      | HP: 1/54 [iron imp[Natasha] (7)]
  5726 | D:2      | Killed Natasha
  8563 | D:4      | Noticed Menkaure
  9199 | D:5      | Entered Level 5 of the Dungeon
  9220 | D:5      | HP: 1/55 [orc wizard/magic dart (7)]
  9222 | D:5      | Killed from afar by an orc wizard

Vault maps used:
D:1:      eino_arrival_druids_welcome, minmay_misc_feat_doors, minmay_bisected
D:2:      nemelex_xobeh_ov_fountains_minmay, grunt_gozag_breadcrumbs
D:3:      first_ration, cheibrodos_sewer_entry_drain, uniq_natasha
D:4:      grunt_temple_overflow_lords_of_destruction, serial_shops, shop,
          wad_floor_pattern_untrapped, nicolae_dithmenos_through_a_glass_darkly,
          uniq_menkaure
D:5:      grunt_temple_overflow_open, minivault_4, uniq_crazy_yiuf_cottage
Sewer:    kennysheep_pipe_town

Skill      XL: |  1  2  3  4  5  6  7 |
---------------+----------------------+-----
Fighting       | 3 4 |  4.4
Axes           | 3 4 |  4.9
Armour         | 2 3 |  3.7
Dodging        | 3 4 |  4.1
Stealth        | 1 |  1.0
Shields        | 2 3 |  3.0
Throwing       | |  1.1
Spellcasting   | |  2.5
Translocations | |  3.2

Action                   |  1- 3 |  4- 6 |  7- 9 || total
-------------------------+-------+-------+-------++-------
Melee: Hand axe          |   155 |   144 |       ||   299
       War axe           |       |   154 |   189 ||   343
Throw: Tomahawk          |     3 |     2 |       ||     5
       Throwing net      |       |     1 |       ||     1
 Abil: Hop               |       |     1 |     6 ||     7
  Use: Scroll            |     3 |       |     2 ||     5
       Potion            |     1 |    10 |     7 ||    18
 Stab: Sleeping          |       |     2 |       ||     2
  Eat: Chunk             |     1 |     6 |     5 ||    12
       Ration            |     1 |     2 |     2 ||     5
Armor: Leather armour    |    44 |    33 |       ||    77
       Skin              |       |    13 |       ||    13
       Ring mail         |       |    68 |    69 ||   137
       Chain mail        |       |       |    50 ||    50
       Plate armour      |       |       |    29 ||    29
Dodge: Dodged            |    65 |   119 |    56 ||   240
Block: Shield            |    60 |   144 |   124 ||   328

Table legend:
 A = Spawn XP
 B = Non-spawn XP
 C = Spawn XP percentage of total XP
 D = Spawn monster count
 E = Non-spawn monster count
 F = Spawn count percentage of total count
 G = Total turns spent on level
                    A         B        C        D         E        F      G
               +---------+---------+-------+---------+---------+-------+---------
         Total |       0 |     861 |   0.0 |       0 |     115 |   0.0 |  9222
               +---------+---------+-------+---------+---------+-------+---------
           D:1 |       0 |      38 |   0.0 |       0 |      21 |   0.0 |  1441
           D:2 |       0 |      87 |   0.0 |       0 |      22 |   0.0 |  2078
           D:3 |       0 |     452 |   0.0 |       0 |      42 |   0.0 |  3945
           D:4 |       0 |      38 |   0.0 |       0 |       5 |   0.0 |   958
           D:5 |       0 |       3 |   0.0 |       0 |       1 |   0.0 |    23
         Sewer |       0 |     243 |   0.0 |       0 |      24 |   0.0 |   777
               +---------+---------+-------+---------+---------+-------+---------
